 Dungeon Crawl Stone Soup version 0.28-a0-1518-gbe868bca14 (webtiles) character file.

Game seed: 4169092659731831043

213 knot the Chopper (level 5, -8/41 HPs)
             Began as a Demonspawn Berserker on Jan 17, 2022.
             Was a Follower of Trog.
             Mangled by an ice beast (12 damage)
             ... on level 3 of the Dungeon.
             The game lasted 00:04:22 (3194 turns).

knot the Chopper (Demonspawn Berserker)             Turns: 3194, Time: 00:04:22

Health: -8/41      AC:  5    Str: 18      XL:     5   Next: 59%
Magic:  5/5        EV: 11    Int: 10      God:    Trog [*.....]
Gold:   22         SH:  0    Dex: 11 (12) Spells: 4/4 levels left

rFire   . . .      SeeInvis .   m - +0 war axe
rCold   . . .      Faith    .   (no shield)
rNeg    . . .      Spirit   .   d - +0 ring mail
rPois   .          Reflect  .   (no helmet)
rElec   .          Harm     .   (no cloak)
rCorr   .          Rampage  .   (no gloves)
Will    ++...                   (no boots)
Stlth   +.........              (no amulet)
HPRegen 0.13/turn               l - ring of willpower
MPRegen 0.09/turn               o - ring of willpower

@: no status effects
A: powered by death 1, sturdy frame 1, demonic touch 1
a: Renounce Religion, Berserk


You were on level 3 of the Dungeon.
You worshipped Trog.
Trog was aware of your devotion.
You visited 1 branch of the dungeon, and saw 3 of its levels.

You collected 22 gold pieces.

Inventory:

Hand Weapons
 m - a +0 war axe (weapon)
Missiles
 e - 64 stones (quivered)
 j - 23 sling bullets
Armour
 d - a +0 ring mail (worn)
Jewellery
 l - a ring of willpower (left hand)
 o - a ring of willpower (right hand)
Scrolls
 b - 2 scrolls of identify {unknown}
 g - a scroll of blinking {unknown}
Potions
 a - a potion of mutation {unknown}
 c - a potion of resistance {unknown}
 f - a potion of berserk rage {unknown}
 h - a potion of attraction {unknown}
 i - a potion of cancellation {unknown}
 k - a potion of degeneration
 n - a potion of flight {unknown}


   Skills:
 - Level 3.0 Fighting
 * Level 5.4 Axes
 * Level 1.7 Throwing
 - Level 1.7 Armour
 - Level 1.7 Dodging


You had 4 spell levels left.
You didn't know any spells.
Your spell library was empty.

Dungeon Overview and Level Annotations

Branches:
Dungeon (3/15)

Altars:
Kikubaaqudgha
Sif Muna


Innate Abilities, Weirdness & Mutations

You regenerate a little health from kills.
Your movements are slightly less encumbered by armour. (ER -2)
Your touch may inflict minor irresistible damage on your foes.


Message History

Found 13 gold pieces.
No reachable target in view!
No reachable target in view!
An ice beast is nearby!
No reachable target in view!
An ice beast is nearby!
No reachable target in view!
No reachable target in view!
No reachable target in view!
No reachable target in view!
Found 10 gold pieces.
No reachable target in view!
An ice beast is nearby!
No reachable target in view!
Found 17 gold pieces.
An endoplasm comes into view.
The endoplasm quivers.
There is a fountain of clear blue water here.
You open the door.
No target in view!
There is an open door here.
There are monsters nearby!
The endoplasm misses you.
You barely miss the ice beast. Your touch misses the ice beast.
You hit the endoplasm. The ice beast hits you. The ice beast freezes you!
The endoplasm closely misses you. The ice beast barely misses you.
The endoplasm hits you but does no damage.
You hit the endoplasm.
You kill the endoplasm!
Trog accepts your kill.
You closely miss the ice beast. The ice beast hits you.
The ice beast freezes you.
You fail to use your ability.
The ice beast hits you. The ice beast freezes you!
* * * LOW HITPOINT WARNING * * *
You closely miss the ice beast. Your touch misses the ice beast.
The ice beast hits you.
* * * LOW HITPOINT WARNING * * *
The ice beast freezes you!
You die...

#.........#
#.........###
+...........######
#................#
#.......###'####.#
#......####⌠.⌠.#
#.....##.##....#
#.....8..$#._..#
#.....@Y.$#....#....
#........$#....#...
####..8..$#._..#..#
..#.##.##....#..
##.#..####⌠.⌠.#.#
#.#...###'####.######
.....................
##......##..##....
#......###.# .


You could see an ice beast.

Vanquished Creatures
  Jessica (D:2)
  Natasha (thrice) (D:2)
  3 gnolls (D:2)
  2 adders
  2 dart slugs
  4 orcs
  2 ball pythons (D:1)
  7 bats
  12 endoplasms
  6 goblins
  2 hobgoblins
  A quokka (D:2)
  4 frilled lizards
  6 kobolds
  2 rats (D:2)
57 creatures vanquished.

Notes
Turn   | Place    | Note
-------+----------+-------------------------------------------
     0 | D:1      | knot the Demonspawn Berserker began the quest for the Orb.
     0 | D:1      | Reached XP level 1. HP: 18/18 MP: 1/1
   262 | D:1      | Found a faded altar of an unknown god.
   270 | D:1      | Reached skill level 3 in Axes
   407 | D:1      | Gained mutation: Your touch may inflict minor irresistible
                  | damage on your foes. [demonic ancestry]
   407 | D:1      | Reached XP level 2. HP: 9/24 MP: 2/2
  1242 | D:1      | Reached XP level 3. HP: 29/29 MP: 3/3
  1714 | D:2      | Noticed Natasha
  1719 | D:2      | Killed Natasha
  1720 | D:2      | Reached skill level 4 in Axes
  1777 | D:2      | Noticed Jessica
  1786 | D:2      | Killed Jessica
  1787 | D:2      | Gained mutation: Your movements are slightly less
                  | encumbered by armour. (ER -2) [demonic ancestry]
  1787 | D:2      | Reached XP level 4. HP: 35/35 MP: 4/4
  2063 | D:2      | Reached skill level 5 in Axes
  2119 | D:2      | Noticed Natasha
  2163 | D:2      | Killed Natasha
  2164 | D:2      | Gained mutation: You regenerate a little health from kills.
                  | [demonic ancestry]
  2164 | D:2      | Reached XP level 5. HP: 30/41 MP: 5/5
  2490 | D:2      | Reached skill level 1 in Throwing
  2665 | D:2      | Noticed Natasha
  2671 | D:2      | Killed Natasha
  3169 | D:3      | Found a shimmering blue altar of Sif Muna.
  3169 | D:3      | Found an ancient bone altar of Kikubaaqudgha.
  3171 | D:3      | Noticed an ice beast
  3194 | D:3      | Mangled by an ice beast

Illustrated notes

Levels and vault maps discovered:
D:1:      co_arrival_two_rings, layout_basic,
          hellmonk_ecumenical_altar_slurped_away, minmay_misc_feat_nine_boxes,
          minmay_misc_feat_rugged
D:2:      layout_basic, minmay_pentomino_v2, uniq_jessica, uniq_natasha
D:3:      layout_basic, jmf_multi_god_temple, grunt_decor_cap, minmay_between,
          uniq_ijyb

Skill      XL: |  1  2  3  4  5 |
---------------+----------------+-----
Axes           | 3 4 5 |  5.4
Throwing       | 1 |  1.7
Fighting       | |  3.0
Armour         | |  1.7
Dodging        | |  1.7

Action                   |  1- 3 |  4- 6 || total
-------------------------+-------+-------++-------
Melee: Hand axe          |    66 |    11 ||    77
       Touch             |    10 |     9 ||    19
       War axe           |       |    55 ||    55
       Punch             |       |     1 ||     1
Throw: Stone             |       |     3 ||     3
Invok: Berserk           |     3 |     3 ||     6
  Use: Potion            |       |     2 ||     2
Armor: Ring mail         |    17 |    16 ||    33
       Skin              |       |     5 ||     5
Dodge: Dodged            |    44 |    26 ||    70

Table legend: (Time is in decaauts)
 A = Elapsed time spent in this place.
 B = Non-inter-level travel time spent in this place.
 C = Inter-level travel time spent in this place.
 D = Time resting spent in this place.
 E = Time spent auto-exploring this place.
 F = Levels seen in this place.
 G = Mean time per level.
                   A        B        C        D        E       F      G
               +--------+--------+--------+--------+--------+-----+--------+
         Total |   3282 |   3209 |     73 |   1196 |   1541 |   3 | 1094.0 |
       Dungeon |   3282 |   3209 |     73 |   1196 |   1541 |   3 | 1094.0 |
               +--------+--------+--------+--------+--------+-----+--------+

Top non-repeatable levels by time:
     D:1: 1640 daAuts
     D:2: 1435 daAuts
     D:3: 206 daAuts
